 Dungeon Crawl Stone Soup version 0.25.1-2-g60ff931df9 (webtiles) character file.

Game seed: 12771018880737576063

23761 miscerius the Severer (level 13, 0/116 HPs)
             Began as a Hill Orc Fighter on Sept 24, 2020.
             Was a High Priest of Okawaru.
             Slain by a 13-headed hydra (10 damage)
             ... on level 3 of the Lair of Beasts.
             The game lasted 01:48:24 (12130 turns).

miscerius the Severer (Hill Orc Fighter)           Turns: 12130, Time: 01:48:27

Health: 0/116      AC: 17    Str: 22    XL:     13   Next: 8%
Magic:  13/13      EV:  8    Int:  8    God:    Okawaru [*****.]
Gold:   936        SH:  0    Dex: 12    Spells: 12/12 levels left

rFire    . . .     SeeInvis .   a - +4 battleaxe
rCold    . . .     Gourm    .   (shield currently unavailable)
rNeg     . . .     Faith    .   S - +0 plate armour
rPois    .         Spirit   .   e - +2 hat {MR+}
rElec    .         Reflect  .   (no cloak)
rCorr    .         Harm     .   (no gloves)
MR       ++...                  (no boots)
Stlth    ..........             k - amulet of regeneration
HPRegen  0.69/turn              E - ring of protection from magic
MPRegen  0.13/turn              Y - +4 ring of slaying

@: no status effects
A: no striking features
a: Heroism, Finesse, Renounce Religion


You were on level 3 of the Lair of Beasts.
You worshipped Okawaru.
Okawaru was extremely pleased with you.
You were hungry.

You visited 4 branches of the dungeon, and saw 15 of its levels.

You collected 956 gold pieces.
You spent 20 gold pieces at shops.

Inventory:

Hand Weapons
 a - a +4 battleaxe (weapon)
 m - a +1 vorpal battleaxe
 t - a +0 war axe of distortion
 A - a +3 morningstar
 C - a +4 trident
 D - a +2 great sword of freezing
 P - the +1 mace of Anger {vorpal, rElec rC+ Int+4, unknown}
   (You found it on level 2 of the Lair of Beasts)

   It inflicts extra damage upon your enemies.
   It affects your intelligence (+4).
   It protects you from cold.
   It insulates you from electricity.
 T - the +4 scimitar of Conversion {venom, Str-3 Int+3}
   (You found it on level 2 of the Lair of Beasts)

   It poisons the flesh of those it strikes.
   It affects your strength (-3).
   It affects your intelligence (+3).
 V - a +4 battleaxe
 W - a +0 longbow
Missiles
 i - 159 arrows
 n - 32 poisoned darts (quivered)
 K - a throwing net
 O - 60 bolts
Armour
 b - a +0 tower shield
 c - a +0 kite shield
 e - a +2 hat of magic resistance (worn)
 y - the cursed +1 ring mail of Siafag {+Fly rN+ MR+ Regen+}
   (You found it on level 1 of the Lair of Beasts)

   It protects you from negative energy.
   It affects your resistance to hostile enchantments.
   It lets you fly.
   It increases your rate of regeneration.
   It has a curse placed upon it.
 J - +0 acid dragon scales
 S - a +0 plate armour (worn)
 X - a +0 leather armour
Jewellery
 h - an uncursed ring of see invisible
 k - an amulet of regeneration (around neck)
 E - a ring of protection from magic (left hand)
 F - an uncursed amulet of reflection {unknown}
 R - an uncursed ring of flight
 Y - a +4 ring of slaying (right hand)
Wands
 p - a wand of random effects (13)
 G - a wand of flame (23)
 I - a wand of paralysis (9)
Scrolls
 j - 3 scrolls of remove curse
 o - a scroll of summoning {unknown}
 q - 3 scrolls of identify
 r - 2 scrolls of enchant weapon
 v - 2 scrolls of magic mapping
 x - a scroll of fog {unknown}
 B - 5 scrolls of enchant armour {unknown}
 L - 4 scrolls of teleportation {unknown}
 M - a scroll of vulnerability {unknown}
 N - a scroll of random uselessness {unknown}
Potions
 d - a potion of might
 f - a potion of mutation {unknown}
 g - a potion of brilliance
 l - 3 potions of flight {unknown}
 s - 4 potions of heal wounds {unknown}
 w - 2 potions of lignification {unknown}
 z - a potion of cancellation {unknown}
 H - a potion of magic {unknown}
Miscellaneous
 U - a box of beasts
Comestibles
 Q - 10 rations


   Skills:
 + Level 11.0 Fighting
 + Level 15.5 Axes
 + Level 0.3 Throwing
 + Level 12.2 Armour
 + Level 2.9 Dodging
 + Level 1.2 Stealth
 + Level 11.4 Shields


You had 12 spell levels left.
You didn't know any spells.
Your spell library contained the following spells:

 Spells                   Type           Power        Failure   Level  Hunger
 Animate Skeleton         Necr           N/A          99%         1    ##.....
 Pain                     Necr           #...         99%         1    ##.....
 Vampiric Draining        Necr           #.........   100%        3    ####...
 Animate Dead             Necr           N/A          100%        4    #####..
 Agony                    Necr           #.......     100%        5    ######.


Dungeon Overview and Level Annotations

Branches:
Dungeon (10/15)            Temple (1/1) D:6            Lair (3/6) D:10
 Shoals (1/4) Lair:2
  Snake: Lair:2-4    Spider: Lair:2-4       Orc: D:9-12

Altars:
Ashenzari
Cheibriados
Dithmenos
Fedhas
Gozag
Hepliaklqana
Kikubaaqudgha
Makhleb
Nemelex Xobeh
Okawaru
Qazlal
Ru
Uskayaw
Vehumet
Wu Jian
Xom
Yredelemnul
Zin
The Shining One

Shops:
D:9 *

Annotations:
Lair:1 exclusion: 3 oklob plants
Abyss:1 Blork the orc, Erolcha, Eustachio, Maurice, Pikel


Message History

The 13-headed hydra bites you.
The 13-headed hydra bites you but does no damage.
The 13-headed hydra bites you.
* * * LOW HITPOINT WARNING * * *
The 13-headed hydra bites you but does no damage.
The 13-headed hydra bites you.
* * * LOW HITPOINT WARNING * * *
The 13-headed hydra bites you but does no damage.
The 13-headed hydra bites you!
* * * LOW HITPOINT WARNING * * *
The 13-headed hydra barely misses you.
The 13-headed hydra bites you but does no damage.
The 13-headed hydra bites you.
* * * LOW HITPOINT WARNING * * *
The 13-headed hydra bites you but does no damage.
The 13-headed hydra closely misses you. x2; The 13-headed hydra bites you.
* * * LOW HITPOINT WARNING * * *
The 13-headed hydra completely misses you.
The 13-headed hydra bites you!
You die...

### #### ## ##.....##
##P####..###.#
#.....P##
.....#...##.##
####....#
...........<.####
#.....###
.......##.......#
##[.##..#
#.#########.....##
####..## ##.#
#.#....# #P#..P# ##
###..".########.....#
##..@D.#.P##.#...##
##....<.....#...#
##.....#.......#
##...#.####...#
#...#### #...# #
##...P# #...# #..
#.##..# #....# ...
##...## ##..P# ...
#...# ...##


You could see a 13-headed hydra.

Vanquished Creatures
  2 two-headed ogres
  3 death yaks (Lair:3)
  A sea snake (Shoals:1)
  2 elephants (Lair:3)
  A merfolk siren (Lair:2)
  A torpor snail (Lair:2)
  Maggie (D:7)
  2 spiny frogs
  3 komodo dragons
  A merfolk (Lair:2)
  A troll (D:10)
  2 hippogriffs
  8 yaks
  Sigmund (D:4)
  A vampire (D:10)
  A wyvern (D:10)
  2 basilisks (D:10)
  A hungry ghost (D:4)
  Menkaure (D:5)
  4 water moccasins
  9 porcupines
  A swamp drake (D:10)
  4 orc warriors
  A sky beast (D:9)
  2 black bears
  An ogre (D:4)
  An ice beast (D:9)
  2 centaurs
  4 crocodiles
  10 bullfrogs
  7 scorpions
  16 wights
  7 killer bees
  3 howler monkeys
  2 jellies (D:10)
  4 crimson imps
  2 quasits
  3 bullfrog zombies
  4 hounds
  3 orc priests
  4 orc wizards
  3 iguanas
  6 worker ants
  A killer bee zombie (D:10)
  2 hound skeletons (D:7)
  A worker ant zombie (D:6)
  A howler monkey skeleton (D:4)
  4 gnolls (D:10)
  5 adders
  2 shadow imps
  An ooze (D:1)
  An adder skeleton (D:4)
  An adder zombie (D:7)
  3 worms
  2 dart slugs (D:2)
  A leopard gecko (D:1)
  27 orcs
  2 ball pythons (D:1)
  8 bats
  8 giant cockroaches
  8 goblins
  10 hobgoblins
  5 jackals (D:5)
  4 kobolds (D:1)
  4 quokkas
  6 frilled lizards
  A jackal skeleton (D:8)
  3 quokka skeletons
  A quokka zombie (D:6)
  5 rats
  2 plants (Lair:2)
257 creatures vanquished.

Vanquished Creatures (others)
  The ghost of stultus the Fighter, a journeyman TrBe of Trog (Lair:2)
  A hydra (Lair:2)
  The ghost of haesbaert the Fighter, a novice DrWz of Sif Muna (D:8)
  2 two-headed ogres
  2 death yaks (Lair:3)
  An unseen horror (D:10)
  3 elephants (Lair:3)
  2 black mambas
  A komodo dragon (Lair:3)
  2 merfolk (Lair:2)
  A hippogriff (Lair:2)
  6 yaks
  A basilisk (Lair:2)
  A steam dragon (D:8)
  2 porcupines
  2 slaves (D:8)
  2 orc warriors
  An ogre (D:10)
  2 bullfrogs
  2 killer bees (D:9)
  A wight (D:10)
  A worker ant (D:6)
  A hound zombie (D:9)
  A hound skeleton (D:4)
  An adder (D:8)
  An orc (D:4)
  A jackal zombie (D:7)
  9 plants
52 creatures vanquished.

Grand Total: 309 creatures vanquished

Notes
Turn   | Place    | Note
-------+----------+-------------------------------------------
     0 | D:1      | miscerius the Hill Orc Fighter began the quest for the Orb.
     0 | D:1      | Reached XP level 1. HP: 19/19 MP: 1/1
   207 | D:1      | Reached XP level 2. HP: 27/27 MP: 2/2
   419 | D:1      | Reached skill level 3 in Axes
   440 | D:1      | Reached XP level 3. HP: 17/33 MP: 3/3
  1309 | D:2      | Reached XP level 4. HP: 35/40 MP: 4/4
  1589 | D:2      | Paralysed by fainting for 10 turns
  1605 | D:2      | Paralysed by fainting for 10 turns
  1652 | D:2      | Paralysed by fainting for 8 turns
  1731 | D:2      | Reached skill level 4 in Axes
  2052 | D:3      | Found a blossoming altar of Fedhas.
  2540 | D:4      | Reached XP level 5. HP: 44/46 MP: 5/5
  2582 | D:4      | Noticed an ogre
  2602 | D:4      | HP: 2/46 [ogre/+0 giant club (22)]
  2631 | D:4      | Killed an ogre
  2631 | D:4      | Reached skill level 5 in Axes
  2981 | D:4      | Found an ornate altar of the Wu Jian Council.
  3051 | D:4      | Noticed Sigmund
  3054 | D:4      | Noticed a hungry ghost
  3118 | D:4      | Killed a hungry ghost
  3118 | D:4      | Reached skill level 1 in Dodging
  3118 | D:4      | Reached XP level 6. HP: 8/53 MP: 6/6
  3122 | D:4      | HP: 1/53 [something/puff of flame (6)]
  3423 | D:4      | Reached skill level 6 in Axes
  3434 | D:4      | Noticed Blork the orc
  3642 | D:4      | Banished Blork the orc
  3642 | D:4      | Reached skill level 5 in Armour
  3642 | D:4      | Reached XP level 7. HP: 33/60 MP: 7/7
  3792 | D:4      | Reached skill level 5 in Fighting
  3912 | D:4      | Reached skill level 7 in Axes
  3995 | D:4      | Killed Sigmund
  3995 | D:4      | Reached skill level 5 in Shields
  4146 | D:5      | Entered Level 5 of the Dungeon
  4154 | D:5      | Reached XP level 8. HP: 68/68 MP: 8/8
  4261 | D:5      | Noticed Menkaure
  4270 | D:5      | Killed Menkaure
  4270 | D:5      | Reached skill level 8 in Axes
  4425 | D:5      | Noticed Eustachio
  4439 | D:5      | Banished Eustachio
  4619 | D:6      | Found a staircase to the Ecumenical Temple.
  5018 | D:6      | Reached skill level 9 in Axes
  5144 | Temple   | Entered the Ecumenical Temple
  5158 | Temple   | Became a worshipper of Warmaster Okawaru
  5219 | D:7      | Reached XP level 9. HP: 41/75 MP: 9/9
  5554 | D:7      | Noticed Maggie
  5583 | D:7      | Killed Maggie
  5583 | D:7      | Reached * piety under Okawaru
  5583 | D:7      | Reached skill level 10 in Axes
  5730 | D:7      | Found a glowing golden altar of the Shining One.
  6290 | D:8      | Noticed Maurice
  6302 | D:8      | Banished Maurice
  6309 | D:8      | Reached ** piety under Okawaru
  6440 | D:8      | Noticed Pikel
  6471 | D:8      | Banished Pikel
  6471 | D:8      | Reached skill level 11 in Axes
  6471 | D:8      | Reached XP level 10. HP: 75/88 MP: 10/10
  6499 | D:8      | Found a snail-covered altar of Cheibriados.
  6535 | D:8      | Found a runed translucent gate.
  6535 | D:8      | Found a runed translucent gate.
  6539 | D:8      | Found a runed translucent gate.
  6547 | D:8      | Noticed haesbaert's ghost (novice DrWz)
  6569 | D:8      | Found a burning altar of Makhleb.
  6570 | D:8      | Found a radiant altar of Vehumet.
  6638 | D:8      | Banished haesbaert's ghost
  6708 | D:8      | Noticed a two-headed ogre
  6748 | D:8      | Noticed a two-headed ogre
  6755 | D:8      | Banished a two-headed ogre
  6830 | D:8      | Killed a two-headed ogre
  6830 | D:8      | Reached skill level 12 in Axes
  7018 | D:9      | Found a shimmering altar of Xom.
  7019 | D:9      | Found an opulent altar of Gozag.
  7021 | D:9      | Found a hazy altar of Hepliaklqana.
  7318 | D:9      | Found Rer Iruul's Assorted Antiques.
  7326 | D:9      | Bought a scroll labeled XENNUY PITOENO for 20 gold pieces
  7458 | D:9      | Noticed a two-headed ogre
  7472 | D:9      | Reached *** piety under Okawaru
  7497 | D:9      | Banished a two-headed ogre
  7497 | D:9      | Reached skill level 1 in Stealth
  7514 | D:9      | Reached XP level 11. HP: 70/95 MP: 11/11
  7656 | D:9      | Noticed a two-headed ogre
  7663 | D:9      | Killed a two-headed ogre
  7946 | D:10     | Entered Level 10 of the Dungeon
  7953 | D:10     | Noticed Erolcha
  7961 | D:10     | Banished Erolcha
  7961 | D:10     | Reached skill level 13 in Axes
  7992 | D:10     | Found an ornate altar of the Wu Jian Council.
  8052 | D:10     | Reached skill level 10 in Armour
  8310 | D:10     | Noticed an unseen horror
  8313 | D:10     | Banished an unseen horror
  8454 | D:10     | Reached **** piety under Okawaru
  8848 | D:10     | Found a staircase to the Lair.
  8970 | Lair:1   | Entered Level 1 of the Lair of Beasts
  9570 | Lair:1   | Got an encrusted ring mail
  9627 | Lair:1   | Noticed an oklob plant
  9627 | Lair:1   | Noticed an oklob plant
  9627 | Lair:1   | Noticed an oklob plant
  9804 | Lair:2   | Reached skill level 14 in Axes
  9829 | Lair:2   | Found a runed translucent gate.
  9829 | Lair:2   | Found a runed translucent gate.
  9829 | Lair:2   | Found a runed translucent gate.
  9831 | Lair:2   | Noticed stultus's ghost (journeyman TrBe)
  9832 | Lair:2   | Noticed a 13-headed hydra
 10028 | Lair:2   | Reached XP level 12. HP: 101/106 MP: 12/12
 10174 | Lair:2   | Noticed a seven-headed hydra
 10181 | Lair:2   | Banished a nine-headed hydra
 10198 | Lair:2   | Reached skill level 10 in Shields
 10274 | Lair:2   | Reached ***** piety under Okawaru
 10294 | Lair:2   | Found a staircase to the Shoals.
 10323 | Lair:2   | Reached skill level 10 in Fighting
 10355 | Lair:2   | Got a jewelled mace
 10745 | Lair:2   | Banished a 14-headed hydra
 10756 | Lair:2   | Banished stultus's ghost
 10785 | Lair:2   | Got a transparent scimitar
 10802 | Lair:2   | Identified the +4 scimitar of Conversion {venom, Str-3
                  | Int+3} (You found it on level 2 of the Lair of Beasts)
 10803 | Lair:2   | Identified the cursed +1 ring mail of Siafag {+Fly rN+ MR+
                  | Regen+} (You found it on level 1 of the Lair of Beasts)
 10834 | Shoals:1 | Entered Level 1 of the Shoals
 11314 | Lair:3   | Found the cursed necklace of Bloodlust {*Rage +Rage MR++
                  | Int-3 Slay+6 *Curse}
 11329 | Lair:3   | Reached skill level 15 in Axes
 11535 | Lair:3   | Noticed a death yak
 11535 | Lair:3   | Noticed a death yak
 11536 | Lair:3   | Noticed a death yak
 11536 | Lair:3   | Noticed a death yak
 11548 | Lair:3   | Noticed a death yak
 11558 | Lair:3   | Killed a death yak
 11570 | Lair:3   | Banished a death yak
 11571 | Lair:3   | Killed a death yak
 11571 | Lair:3   | Reached XP level 13. HP: 37/115 MP: 13/13
 11582 | Lair:3   | Received a gift from Okawaru
 11912 | Shoals:1 | HP: 1/116 [wind drake/the air (5)]
 12130 | Lair:3   | Slain by a 13-headed hydra

Illustrated notes

Levels and vault maps discovered:
D:1:      psy_arrival_conway, layout_basic, minmay_stone_trees_small
D:2:      layout_basic
D:3:      layout_loops_cross, fedhas_altar_2
D:4:      layout_basic, lemuel_round_altar, uniq_sigmund, uniq_blork_the_orc
D:5:      layout_rooms, first_ration, uniq_menkaure, uniq_eustachio
D:6:      wad_pebble_path, layout_gridville, minmay_temple_entry_butterflies
D:7:      layout_layer_cave, tso_metal_star, uniq_maggie
D:8:      layout_rooms, grunt_temple_overflow_lords_of_destruction,
          lemuel_round_altar, ebering_ghost_rock_garden, uniq_pikel,
          uniq_maurice
D:9:      wad_crossroads, layout_long_grid, grunt_temple_overflow_open,
          serial_shops, shop_statue
D:10:     layout_roguey, erik_lair_dragon, basic_altar, uniq_erolcha
Temple:   eino_narrow_crystal_temple
Lair:1:   layout_chaotic_city, serial_bayou_pond_a, minmay_lair_oklob_chamber
Lair:2:   layout_misc_corridors, elwin_shoals_entry_stream,
          gammafunk_ghost_hydra_chop, beast_lair_carwin_1, grunt_megastairs_1
Lair:3:   layout_concentric_octagons, serial_bayou_shore_b, grunt_megastairs_2
Shoals:1: layout_shoals

Skill      XL: |  1  2  3  4  5  6  7  8  9 10 11 12 13 |
---------------+----------------------------------------+-----
Fighting       | 4 5 6 7 8 9 10 11 | 11.0
Axes           | 3 4 5 6 7 9 11 12 14 15 | 15.5
Armour         | 4 5 6 8 9 11 12 | 12.2
Shields        | 4 5 6 7 8 9 11 | 11.4
Dodging        | 1 2 |  2.9
Stealth        | 1 |  1.2
Throwing       | |  0.3

Action                   |  1- 3 |  4- 6 |  7- 9 | 10-12 | 13-15 || total
-------------------------+-------+-------+-------+-------+-------++-------
Melee: War axe           |   156 |   150 |   256 |   489 |    20 ||  1071
       Battleaxe         |       |       |       |       |     1 ||     1
Throw: Dart              |       |     2 |       |       |       ||     2
  Use: Scroll            |       |     4 |     2 |     6 |     2 ||    14
       Potion            |       |     3 |       |     4 |       ||     7
  Eat: Ration            |       |     5 |     2 |     5 |       ||    12
       Chunk             |       |       |     3 |       |       ||     3
Armor: Scale mail        |   132 |    52 |     8 |       |       ||   192
       Chain mail        |       |       |   100 |     6 |       ||   106
       Plate armour      |       |       |       |   249 |    39 ||   288
Dodge: Dodged            |    76 |    63 |    64 |   106 |    20 ||   329
Block: Kite shield       |   131 |    76 |   143 |   150 |       ||   500
       Tower shield      |       |       |       |   212 |    21 ||   233
